 Dungeon Crawl Stone Soup version 0.17-a0-910-ga669010 (webtiles) character file.

98 laxity the Magician (level 4, -1/24 HPs)
             Began as a Deep Elf Fire Elementalist on May 2, 2015.
             Slain by an orc
             ... wielding a +0 flail
              (11 damage)
             ... on level 3 of the Dungeon.
             The game lasted 00:05:03 (2384 turns).

laxity the Magician (Deep Elf Fire Elementalist)    Turns: 2384, Time: 00:05:04

Health: -1/24      AC:  3    Str:  5    XL:     4   Next: 44%
Magic:  2/12       EV: 13    Int: 21    God:
Gold:   134        SH:  0    Dex: 15    Spells: 2 memorised, 8 levels left

rFire  . . .     SeeInvis .     p - +1 short sword (speed)
rCold  + . .     Clarity  .     a - +0 robe
rNeg   . . .     SustAb   .     (no shield)
rPois  .         Gourm    .     (no helmet)
rElec  .         Spirit   .     (no cloak)
rCorr  .         Warding  .     (no gloves)
rMut   .         Stasis   .     d - +0 pair of boots
MR     .....                    (no amulet)
Stlth  ++........               (no ring)
                                e - ring of protection from cold

@: not resistant to hostile enchantments, unstealthy
A: no striking features
a: no special abilities


You were on level 3 of the Dungeon.
You were not hungry.

You visited 1 branch of the dungeon, and saw 3 of its levels.

You collected 134 gold pieces.

Inventory:

Hand weapons
 p - a +1 short sword of speed (weapon)
Armour
 a - a +0 robe (worn)
 d - a +0 pair of boots (worn)
Jewellery
 e - a ring of protection from cold (left hand)
 t - an uncursed ring of positive energy {unknown}
Scrolls
 f - a scroll of random uselessness {unknown}
 g - 2 scrolls of blinking {unknown}
 h - 3 scrolls of identify {unknown}
 i - 2 scrolls of fog {unknown}
 k - 3 scrolls of remove curse {unknown}
 n - a scroll of teleportation {unknown}
 q - a scroll of enchant armour {unknown}
 s - a scroll of recharging {unknown}
Potions
 l - a potion of brilliance {unknown}
 r - 2 potions of heal wounds {unknown}
Books
 b - a book of Flames

   Spells                             Type                      Level
   a - Flame Tongue                   Conjuration/Fire             1
   b - Throw Flame                    Conjuration/Fire             2
   c - Conjure Flame                  Conjuration/Fire             3
   d - Inner Flame                    Hexes/Fire                   3
   e - Sticky Flame                   Conjuration/Fire             4
   f - Fireball                       Conjuration/Fire             5
Comestibles
 c - 2 bread rations
 j - 3 fruits
 m - a meat ration
 o - a beef jerky


   Skills:
 - Level 2.4 Dodging
 - Level 2.4 Stealth
 + Level 4.4 Spellcasting
 + Level 2.4 Conjurations
 + Level 4.4 Fire Magic


You had 8 spell levels left.
You knew the following spells:

 Your Spells              Type           Power        Failure   Level  Hunger
a - Flame Tongue          Conj/Fire      ###..        2%          1    None
b - Throw Flame           Conj/Fire      ###...       4%          2    #......


Dungeon Overview and Level Annotations

Branches:
Dungeon (3/15)

Altars:
Cheibriados
Xom
Yredelemnul
Zin
The Shining One


Message History

Aim: an adder (severely wounded)
The flame tongue hits the adder.
You kill the adder!
The giant gecko barely misses you.
Casting: Flame Tongue
Confirm with . or Enter, or press ? or * to list all spells.
Aiming: Flame Tongue
Press: ? - help, Shift-Dir - straight line, f - giant gecko
Aim: a giant gecko (moderately wounded)
The flame tongue misses the giant gecko.
The giant gecko bites you.
Casting: Flame Tongue
Confirm with . or Enter, or press ? or * to list all spells.
Aiming: Flame Tongue
Press: ? - help, Shift-Dir - straight line, f/p - giant gecko
Aim: a giant gecko (moderately wounded)
The flame tongue hits the giant gecko.
The giant gecko is almost dead.
The giant gecko barely misses you. The orc hits you with a flail!
You die...

#.....#..#####.....
##.....#.## ##..###
#...#.#..#####...#
####...........##.#.###
.......................
##.#.#.#...##...#.#....
##..†..............#...#
#......lo#..###...###.#.#
#....†@.............#.#
.....#####.######.#..##.#
. #.# #<##.##.# #.#
#.......# #.# ####.####
#.# ...# ... .#..# ... .#
#.# ... . .#


You could see an orc and a giant gecko.

Vanquished Creatures
  4 adders
  An ooze (D:1)
  4 giant geckos
  3 orcs (D:3)
  3 giant cockroaches
  4 hobgoblins
  7 kobolds
  A quokka (D:2)
  A ball python (D:3)
  5 bats
  5 giant newts
  9 goblins
  5 rats
52 creatures vanquished.

Notes
Turn   | Place    | Note
--------------------------------------------------------------
     0 | D:1      | laxity, the Deep Elf Fire Elementalist, began the quest for the Orb.
     0 | D:1      | Reached XP level 1. HP: 10/10 MP: 6/6
   405 | D:1      | Reached XP level 2. HP: 15/15 MP: 4/8
   409 | D:1      | Learned a level 2 spell: Throw Flame
  1013 | D:1      | Reached skill level 4 in Spellcasting
  1137 | D:1      | Reached XP level 3. HP: 19/19 MP: 6/10
  1234 | D:2      | Found a shimmering altar of Xom.
  1475 | D:2      | Found a glowing silver altar of Zin.
  1678 | D:2      | Found a glowing golden altar of the Shining One.
  1678 | D:2      | Found a basalt altar of Yredelemnul.
  1679 | D:2      | Noticed an angel
  1691 | D:2      | Noticed a profane servitor
  1803 | D:2      | Reached XP level 4. HP: 24/24 MP: 6/12
  2296 | D:3      | Found a snail-covered altar of Cheibriados.
  2384 | D:3      | Slain by an orc

Action                   |  1- 3 |  4- 6 || total
-------------------------+-------+-------++-------
Melee: Short sword       |       |     2 ||     2
 Cast: Flame Tongue      |    62 |    31 ||    93
       Throw Flame       |    10 |     5 ||    15
  Eat: Chunk             |     3 |     1 ||     4
